Map: Odyssey LE

Players

HEMORRHOIDS - Winner!

  • Race: Protoss Protoss
  • League: Diamond
  • Spawn Location: 11:00

Sholip

  • Race: Zerg Zerg
  • League: Diamond
  • Spawn Location: 5:00

VOD

Have the link to the VOD?

Description

Time

  • Played on: May 12, 2017, 4:48 p.m.
  • Length: 19:01
Show
View Real Time Build Order
Export as new Build Order

HEMORRHOIDS Protoss - Winner!

Build Orders:  

Get SALT Encoding   

  12  0:01  Probe (Chrono Boost)  
  13  0:11  Probe (Chrono Boost)  
  14  0:22  Probe (Chrono Boost)  
  15  0:28  Pylon  
  15  0:47  Probe (Chrono Boost)  
  16  0:50  Forge  
  16  0:57  Probe (Chrono Boost)  
  17  1:08  Probe (Chrono Boost)  
  18  1:15  Pylon  
  18  1:17  Pylon  
  18  1:18  Pylon, Probe (Chrono Boost)  
  19  1:29  Probe (Chrono Boost)  
  19  1:32  Pylon  
  20  1:40  Photon Cannon  
  20  1:42  Pylon  
  20  1:46  Pylon  
  20  1:57  Pylon  
  20  2:01  Photon Cannon  
  20  2:05  Pylon  
  20  2:09  Pylon  
  20  2:13  Photon Cannon  
  20  2:18  Photon Cannon  
  20  2:24  Photon Cannon  
  20  2:30  Pylon  
  20  2:35  Pylon  
  20  2:45  Probe (Chrono Boost)  
  21  2:56  Probe (Chrono Boost)  
  22  3:06  Probe (Chrono Boost), Assimilator  
  22  3:10  Assimilator  
  23  3:17  Probe (Chrono Boost)  
  24  3:20  Gateway  
  24  3:21  Pylon  
  24  3:34  Pylon  
  24  3:42  Probe (Chrono Boost)  
  25  3:49  Photon Cannon  
  25  3:53  Probe (Chrono Boost)  
  26  4:01  Pylon  
  26  4:03  Probe (Chrono Boost)  
  27  4:14  Probe (Chrono Boost)  
  27  4:16  Pylon  
  28  4:17  Pylon  
  28  4:23  Photon Cannon  
  28  4:25  Photon Cannon, Probe (Chrono Boost)  
  28  4:26  Photon Cannon  
  29  4:35  Probe (Chrono Boost)  
  29  4:37  Cybernetics Core  
  30  4:45  Pylon  
  30  4:46  Probe (Chrono Boost)  
  31  5:02  Zealot  
  31  5:04  Probe (Chrono Boost)  
  31  5:06  Photon Cannon  
  34  5:23  Nexus  
  34  5:30  Pylon  
  33  6:29  Pylon  
  33  6:43  Stargate  
  33  6:46  Stargate  
  33  6:53  Assimilator  
  33  6:56  Photon Cannon  
  33  7:00  Photon Cannon  
  33  7:06  Assimilator  
  33  7:10  Photon Cannon  
  33  7:23  Photon Cannon  
  33  7:28  Pylon  
  33  7:34  Void Ray  
  37  7:51  Void Ray  
  40  8:03  Pylon  
  40  8:05  Forge  
  44  8:35  Pylon  
  48  8:57  Phoenix  
  48  9:00  Fleet Beacon, Phoenix  
  44  9:13  Photon Cannon  
  44  9:18  Photon Cannon  
  44  9:44  Tempest  
  42  9:50  Tempest  
  54  10:24  Tempest  
  60  11:00  Pylon  
  60  11:01  Pylon  
  60  11:06  Tempest  
  66  11:19  Photon Cannon  
  66  11:20  Photon Cannon  
  66  11:32  Tempest  
  72  11:48  Nexus  
  72  11:50  Pylon  
  72  11:52  Pylon  
  72  12:19  Tempest  
  74  12:52  Photon Cannon  
  74  12:53  Photon Cannon  
  74  12:55  Photon Cannon  
  74  12:57  Photon Cannon  
  72  13:01  Photon Cannon  
  72  13:08  Photon Cannon  
  66  13:34  Carrier  
  72  13:42  Pylon  
  72  13:47  Assimilator  
  66  14:12  Carrier  
  72  14:31  Probe (Chrono Boost)  
  73  14:42  Probe (Chrono Boost)  
  73  14:43  Pylon  
  74  14:57  Graviton Catapult  
  74  15:02  Probe (Chrono Boost)  
  75  15:29  Probe (Chrono Boost)  
  76  15:40  Probe (Chrono Boost)  
  77  15:45  Carrier  
  83  16:01  Probe (Chrono Boost)  
  84  16:11  Probe (Chrono Boost)  
  85  16:18  Gateway  
  85  16:22  Probe (Chrono Boost)  
  86  16:31  Void Ray  
  87  16:33  Probe (Chrono Boost)  
  91  16:58  Probe (Chrono Boost)  
  91  17:00  Assimilator  
  92  17:09  Probe (Chrono Boost)  
  77  18:07  Void Ray  
  77  18:12  Void Ray  
Show
View Real Time Build Order
Export as new Build Order

Sholip Zerg 

Build Orders: Hatch First 

Get SALT Encoding   

  12  0:00  Drone  
  13  0:12  Overlord  
  13  0:17  Drone  
  14  0:30  Drone x2  
  14  0:34  Drone  
  17  0:52  Hatchery  
  17  0:55  Drone  
  17  0:58  Drone  
  18  1:09  Drone  
  19  1:17  Spawning Pool  
  18  1:30  Drone x2  
  18  1:32  Extractor  
  19  1:41  Drone  
  20  2:05  Zergling x4  
  20  2:06  Queen  
  23  2:17  Spine Crawler  
  23  2:20  Spine Crawler  
  21  2:27  Spine Crawler  
  19  2:32  Drone  
  19  2:37  Zergling x4  
  22  2:40  Zergling x2  
  24  2:52  Zergling x2  
  22  3:07  Drone x3  
  24  3:18  Drone x3  
  27  3:21  Extractor  
  26  3:33  Lair  
  26  3:46  Overlord  
  26  3:51  Hatchery  
  26  3:52  Overlord  
  25  4:06  Drone x3  
  28  4:12  Overlord  
  28  4:34  Queen  
  28  4:37  Nydus Network  
  29  4:46  Roach Warren  
  29  5:06  Overlord  
  29  5:10  Queen  
  31  5:25  Nydus Canal  
  31  5:27  Roach x5  
  41  5:32  Roach  
  43  5:36  Overseer  
  43  5:37  Overseer  
  43  5:45  Spore Crawler  
  42  5:54  Spore Crawler  
  41  6:02  Roach  
  42  6:10  Spore Crawler  
  41  6:21  Roach x2  
  45  6:28  Roach  
  47  7:10  Hatchery  
  46  7:30  Spore Crawler  
  46  7:32  Spore Crawler  
  46  7:34  Hydralisk Den  
  43  7:37  Spore Crawler  
  43  7:39  Drone, Spore Crawler  
  43  7:44  Spore Crawler  
  42  7:55  Drone  
  43  8:03  Hydralisk  
  43  8:29  Muscular Augments  
  43  8:35  Spore Crawler  
  43  8:39  Drone x2  
  44  8:46  Drone x3  
  47  8:51  Drone  
  48  8:57  Spore Crawler  
  47  9:07  Drone  
  47  9:09  Spore Crawler  
  47  9:15  Hydralisk  
  49  9:18  Drone  
  49  9:22  Drone  
  51  9:29  Spore Crawler  
  50  9:34  Hydralisk  
  50  9:46  Drone x2  
  50  9:48  Overlord  
  52  9:54  Overlord  
  52  10:04  Burrow  
  52  10:10  Drone x3  
  55  10:17  Drone x2  
  55  10:19  Drone  
  58  10:26  Drone  
  59  10:31  Zergling x2  
  60  10:44  Drone x3  
  60  10:45  Drone  
  63  10:53  Hydralisk x2  
  67  11:05  Spire  
  65  11:29  Hydralisk  
  67  11:34  Overlord x3  
  67  11:38  Overseer  
  66  11:48  Overlord  
  66  11:50  Overlord  
  66  11:57  Hydralisk  
  66  11:58  Hydralisk x5  
  76  12:06  Spore Crawler  
  71  12:17  Drone  
  71  12:18  Drone  
  68  12:34  Extractor  
  62  12:45  Nydus Canal  
  57  12:56  Hatchery  
  53  12:58  Hydralisk  
  53  12:59  Hydralisk  
  51  13:18  Hydralisk x2  
  52  13:33  Nydus Canal  
  48  13:36  Queen  
  36  14:00  Hydralisk x2  
  38  14:18  Hydralisk x2  
  42  14:25  Drone  
  43  14:52  Corruptor x2  
  45  14:59  Drone x2  
  49  15:10  Nydus Canal  
  49  15:30  Drone x3  
  52  15:43  Corruptor x2  
  56  16:00  Zergling x2  
  57  16:07  Drone x3  
  57  16:09  Corruptor  
  57  16:11  Extractor  
  61  16:14  Extractor  
  61  16:15  Queen  
  58  16:41  Drone  
Tags
 
Add a new tag
Caveats
  • Supply blocks, unpowered buildings, or Contaminate may cause inaccurate times.
  • Supply counts are checked every 10 seconds.